Unix NetHack Version 5.0.0-0 post-release - last build May 23 2026 06:08:33 (1c0ff79ee797540d5714e4e18072db0edd9e58ae,branch:main).

Game began 2026-05-29 10:52:11, ended 2026-05-29 11:37:49.

FutureTim, lawful female human Valkyrie

  -------    ---
  |.....|    |.
  |...<..###)|.-
  |...*.| % #|.|
  |.....| [##..|
  --+-.--   #|.|  .
      #     #|.|-.-
      #     #|.|...
      #     #|...
   -.-.--   #|@|
   |....|   #.f|
   |..[.|  ##|.| ---
   |....|   #|.| ..|
   |....|   #|.-...|
   ------   #|.-----
             |.
             ---

FutureTim the Fighter       St:14 Dx:11 Co:18 In:9 Wi:10 Ch:11  Lawful
Dlvl:6  $:162 HP:32(67) Pw:29(29) AC:-5 Xp:6 T:3138  Satiated Burdened

Latest messages:
 Your lantern is getting dim.
 Your large cat eats a gnome corpse.
 What do you want to use or apply? [lpxOQ or ?*] l
 Your lantern is now off.
 The gnome misses!
 You hear a door open.
 You hit the gnome.
 The pony kicks!
 The pony misses!
 You kill the gnome!
 The pony misses!
 The pony misses!
 The pony misses!
 The pony bites!
 You hit the pony!
 The pony kicks!
 The pony bites!
 You miss the pony.
 The pony misses!
 The pony bites!
 The pony kicks!
 The pony bites!
 You kill the pony!
 There is a doorway here.
 You see here a puce potion.
 B - a puce potion (2 in total).
 There is a gnome corpse here; eat it? [ynq] (n) y
 This gnome corpse is gamey.
 You stop eating the gnome corpse.
 The large cat bites the giant beetle.
 The giant beetle bites the large cat.
 You hit the giant beetle!
 The giant beetle bites!
 You miss the giant beetle.
 The giant beetle bites!
 You kill the giant beetle!
 There is a partly eaten gnome corpse here; eat it? [ynq] (n) y
 You resume your meal.
 You hear an animal carcass being offered in sacrifice.
 You finish eating the gnome corpse.
 You see here a giant beetle corpse.
 There is a giant beetle corpse here; eat it? [ynq] (n) y
 Ecch - that must have been poisonous!
 Your movements are slowed slightly because of your load.
 The large cat picks up a candle.
 You finish eating the giant beetle corpse.
 What do you want to ready? [$aH or ?*] <enter>
 Never mind.
 Really quit without saving? [yn] (n) y
 Do you want your possessions identified? [ynq] (y) q

Inventory:
 Coins    ('$')
  $ - 162 gold pieces
 Weapons  (')')
  H - 10 cursed +0 darts
  a - a +1 spear
  w - a +1 silver saber (weapon in right hand)
 Armor    ('[')
  j - an uncursed +3 orcish helm (being worn)
  y - a blessed +0 pair of iron shoes (being worn)
  c - an uncursed +3 small shield (being worn)
  N - an uncursed +0 Hawaiian shirt with a parrot motif
  k - a cursed -1 splint mail (being worn)
 Comestibles  ('%')
  d - 2 uncursed food rations
 Scrolls  ('?')
  F - an uncursed scroll of food detection
  M - an uncursed scroll of remove curse
 Potions  ('!')
  L - an uncursed potion of confusion
  v - an uncursed potion of full healing
  n - an uncursed potion of gain ability
  A - an uncursed potion of restore ability
  B - 2 uncursed potions of sickness
 Rings    ('=')
  D - an uncursed ring of invisibility
  I - an uncursed ring of see invisible
 Tools    ('(')
  l - an uncursed brass lantern
  p - a +0 pick-axe
  Q - an uncursed stethoscope
  x - an uncursed tin whistle
  O - an uncursed tin whistle

FutureTim the Valkyrie's attributes:

Background:
 You were a Fighter, a level 6 human Valkyrie.
 You were lawful, nominally on a mission for Tyr
 who was opposed by Odin (neutral) and Loki (chaotic).
 You were right-handed.
 You were in the Gnomish Mines, on level 6.
 You entered the dungeon 3138 turns ago.
 You had 620 experience points, 20 more were needed to attain level 7.

Basics:
 You had 32 out of 67 hit points.
 You had all 29 energy points (spell power).
 Your armor class was -5.
 Your wallet contained 162 zorkmids.
 Autopickup was off.

Final Characteristics:
 Your strength was 14 (peak:17, limit:18/100).
 Your dexterity was 11 (limit:18).
 Your constitution was 18 (limit:18).
 Your intelligence was 9 (limit:18).
 Your wisdom was 10 (limit:18).
 Your charisma was 11 (limit:18).

Final Status:
 You were satiated.
 You were burdened; movement was slightly slowed.
 You were wielding a saber.
 You had basic skill with saber.

Final Attributes:
 You were piously aligned.
 You were cold resistant.
 You were stealthy.
 You were warded.
 You survived.

Miscellaneous:
 You encountered 1 bones level.
 Total elapsed playing time was 45 minutes and 37 seconds.

Major events:
 Turn
    1: FutureTim the lawful human Valkyrie entered the dungeon
 1212: entered the Gnomish Mines
 1221: attained the rank of Skirmisher (level 3)
 2293: attained the rank of Fighter (level 6)
 3096: reached Mine Town
 3138: quit

You didn't know any spells.

Skills:
 Fighting Skills
   bare handed combat [Unskilled]
   two weapon combat  [Unskilled]
   riding             [Unskilled]
 Weapon Skills
   dagger             [Basic]
   axe                [Unskilled]
   pick-axe           [Unskilled]
   short sword        [Unskilled]
   broadsword         [Unskilled]
   long sword         [Unskilled]
   two-handed sword   [Unskilled]
   saber              [Basic]
   hammer             [Unskilled]
   quarterstaff       [Unskilled]
   polearms           [Unskilled]
   spear              [Basic]
   trident            [Unskilled]
   lance              [Unskilled]
   sling              [Unskilled]
 Spellcasting Skills
   attack spells      [Unskilled]
   escape spells      [Unskilled]

Voluntary challenges:
 Character rerolling was not enabled.
 You were an atheist.
 You never genocided any monsters.
 You never polymorphed an object.
 You never changed form.
 You used no wishes.
Achievements:
 You entered a shop.
 You entered the Gnomish Mines.
 You attained the rank of Skirmisher.
 You attained the rank of Fighter.
 You entered Minetown.

 The Dungeons of Doom: levels 1 to 2
    Level 1:
    Level 2:
       An armor shop.
       Stairs down to The Gnomish Mines.
 The Gnomish Mines: levels 3 to 6
    Level 3:
    Level 4:
    Level 5:
       A grave.
       Final resting place for
          albobeque-Tou-Hum-Mal-Neu, killed by a gnome.
    Level 6: <- You were here.


Vanquished creatures:
  a ghost
  a giant beetle
  a gnome ruler
 an Uruk-hai
  a rock piercer
  a rock mole
  2 ponies
  7 gnome leaders
  3 gnomish wizards
  2 straw golems
  5 dwarves
  4 hill orcs
  a giant bat
  a monkey
  2 dwarf zombies
  a werejackal
 an iguana
  2 hobbits
  a large kobold
  2 hobgoblins
  2 giant rats
  a green mold
 29 gnomes
 10 garter snakes
  3 geckos
  a jackal
  a fox
  3 goblins
  4 sewer rats
  8 grid bugs
  a bat
  a lichen
  a kobold zombie
  3 newts
108 creatures vanquished.

No species were genocided or became extinct.

Farvel FutureTim the Valkyrie...

You quit in The Gnomish Mines on dungeon level 6 with 2942 points,
and 162 pieces of gold, after 3138 moves.
You were level 6 with a maximum of 67 hit points when you quit.

